 Dungeon Crawl Stone Soup version 0.29-a0-925-g0a7a3d12f8 (webtiles) character file.

Game seed: 11855866712003863889

196 Sabo the Conjurer (level 5, 0/38 HPs)
             Began as a Demigod Conjurer on July 28, 2022.
             Slain by an orc wizard
             ... wielding a +0 dagger
              (2 damage)
             ... on level 4 of the Dungeon.
             The game lasted 00:53:10 (5587 turns).

Sabo the Conjurer (Demigod Conjurer)                Turns: 5587, Time: 00:53:12

Health: 0/38       AC:  5    Str:  8    XL:     5   Next: 21%
Magic:  12/12      EV: 11    Int: 24    God:
Gold:   148        SH:  3    Dex: 12    Spells: 8/9 levels left

rFire   . . .      SeeInvis .   D - +0 war axe
rCold   . . .      Faith    .   w - +0 buckler
rNeg    . . .      Spirit   .   g - +0 leather armour
rPois   .          Reflect  .   (no helmet)
rElec   .          Harm     .   G - +1 cloak
rCorr   .          Rampage  .   (no gloves)
Will    .....                   (no boots)
Stlth   ++........              l - amulet of magic regeneration
HPRegen 0.12/turn               (no ring)
MPRegen 0.53/turn               (no ring)

@: lethally poisoned (0 -> -3)
A: high MP 1, forlorn, divine attributes
a: no special abilities


You were on level 4 of the Dungeon.
You visited 1 branch of the dungeon, and saw 4 of its levels.

You collected 148 gold pieces.

Inventory:

Hand Weapons
 p - a +3 sling
 D - a +0 war axe (weapon)
 F - a +2 quarterstaff of chaos
Missiles
 j - 5 poisoned darts
 y - 4 javelins (quivered)
Armour
 a - a +0 robe
 g - a +0 leather armour (worn)
 w - a +0 buckler (worn)
 G - a +1 cloak (worn)
Jewellery
 l - an amulet of magic regeneration (around neck)
Wands
 v - a wand of quicksilver (10)
Scrolls
 c - a scroll of silence
 e - a scroll of fear
 f - a scroll of amnesia {unknown}
 k - a scroll of noise {unknown}
 n - a scroll of magic mapping {unknown}
 q - a scroll of acquirement {unknown}
Potions
 b - a potion of magic
 d - a potion of curing
 h - a potion of heal wounds {unknown}
 m - 2 potions of brilliance {unknown}
 r - a potion of mutation {unknown}
 s - a potion of haste {unknown}
 t - a potion of experience {unknown}
 x - a potion of ambrosia {unknown}
 z - a potion of invisibility {unknown}
 A - a potion of attraction {unknown}
 B - a potion of cancellation {unknown}
 C - a potion of might {unknown}
 E - 2 potions of degeneration {unknown}


   Skills:
 + Level 0.1 Ranged Weapons
 + Level 0.1 Throwing
 + Level 1.8 Dodging
 + Level 2.6 Stealth
 + Level 2.9 Spellcasting
 + Level 5.2 Conjurations


You had 8 spell levels left.
You knew the following spells:

 Your Spells              Type           Power      Damage    Failure   Level
a - Magic Dart            Conj           100%       1d8       2%          1

Your spell library contained the following spells:

 Spells                   Type           Power      Damage    Failure   Level
 Searing Ray              Conj           56%        2d6       3%          2
 Dazzling Flash           Conj/Hex       32%        N/A       22%         3
 Fulminant Prism          Conj/Hex       8%         3d7       58%         4
 Iskenderun's Mystic Bla  Conj/Tloc      16%        2d5       58%         4


Dungeon Overview and Level Annotations

Branches:
Dungeon (4/15)
 Temple: D:4-7


Innate Abilities, Weirdness & Mutations

You have an increased reservoir of magic. (+10% MP)
You shall have no god before yourself.
Your divine heritage dramatically boosts your attributes as you level up.


Message History

The orc wizard flickers and vanishes!
The orc barely misses you.
You hit the adder.
The adder is severely wounded.
You miss something. You slash the orc!
You kill the orc!
You hit the orc but do no damage. The adder barely misses you.
The orc misses you. Something hits you. The adder bites you but does no damage.
You miss the adder.
The adder is severely wounded.
You barely miss something. You closely miss the orc. The adder bites you.
The orc barely misses you. Something hits you. The orc closely misses you.
The adder misses you. Something completely misses you.
You closely miss the adder.
The adder is severely wounded.
You closely miss something. You barely miss the orc. The adder bites you.
You are poisoned.
The adder poisons you!
A magic dart appears from out of thin air!
The magic dart hits you. The orc hits you but does no damage.
Something hits you but does no damage. The adder barely misses you.
You closely miss the adder.
The adder is severely wounded.
You barely miss the orc. You miss something.
You feel very sick. The orc closely misses you. Something hits you.
* * * LOW HITPOINT WARNING * * *
The adder bites you.
* * * LOW HITPOINT WARNING * * *
Something hits you but does no damage. You block the orc's attack.
Something hits you.
* * * LOW HITPOINT WARNING * * *
The adder bites you but does no damage.
You hit the adder.
The adder is severely wounded.
You closely miss something. x2; You hit the orc but do no damage.
* * * LOW HITPOINT WARNING * * *
You feel sick. The adder bites you.
* * * LOW HITPOINT WARNING * * *
Something hits you.
You die...

#######
#.....########
#....[#......#
#.....#......#
#.....{@o....#
#†)...#{S....#
#.....#......#
#.....#......#
##+##.....###....#
######......####
....#
.........).<#
....#
##.##.......#
..?.#
.#.#..#.....#


You could see an adder and an orc.

Vanquished Creatures
  Crazy Yiuf (D:3)
  9 adders
  A worm (D:3)
  A dart slug (D:1)
  2 orcs (D:4)
  6 endoplasms
  5 giant cockroaches
  11 goblins
  6 hobgoblins
  6 jackals
  4 quokkas
  5 ball pythons
  4 bats
  3 frilled lizards
  9 kobolds
  6 rats
79 creatures vanquished.

Notes
Turn   | Place    | Note
-------+----------+-------------------------------------------
     0 | D:1      | Sabo the Demigod Conjurer began the quest for the Orb.
     0 | D:1      | Reached XP level 1. HP: 14/14 MP: 5/5
   232 | D:1      | Reached skill level 4 in Conjurations
   232 | D:1      | Reached XP level 2. HP: 18/20 MP: 2/7
  1292 | D:1      | Reached XP level 3. HP: 23/26 MP: 5/8
  2760 | D:2      | Found Qakupnea's General Store.
  3349 | D:2      | Reached XP level 4. HP: 33/33 MP: 7/10
  3919 | D:3      | Found a runed translucent door.
  3920 | D:3      | Noticed Crazy Yiuf
  4327 | D:3      | Upgraded the game from 0.29-a0-923-g6e406bff71 to
                  | 0.29-a0-925-g0a7a3d12f8
  4657 | D:3      | Killed Crazy Yiuf
  4658 | D:3      | Reached skill level 5 in Conjurations
  4962 | D:4      | Reached XP level 5. HP: 38/38 MP: 10/12
  5245 | D:4      | Noticed an angel
  5287 | D:4      | Noticed a profane servitor
  5587 | D:4      | Slain by an orc wizard

Illustrated notes

Levels and vault maps discovered:
D:1:      lightli_arrival_lavapool, layout_rooms,
          chequers_ecumenical_altar_island
D:2:      layout_rooms, serial_shops, shop
D:3:      layout_basic, mainiacjoe_overflow_boulevard,
          minmay_fractal_squares_gapless_5, uniq_crazy_yiuf_cottage
D:4:      layout_gridville, grunt_temple_overflow_holy_war,
          mainiacjoe_overflow_small_starburst,
          mainiacjoe_overflow_six_doors_small, minmay_temple_entry_butterflies,
          kennysheep_another_room

Skill      XL: |  1  2  3  4 |
---------------+-------------+-----
Conjurations   | 4 5 |  5.2
Spellcasting   | 2 |  2.9
Stealth        | 2 |  2.6
Ranged Weapons | |  0.1
Throwing       | |  0.1
Dodging        | |  1.8

Action                   |  1- 3 |  4- 6 || total
-------------------------+-------+-------++-------
Melee: Unarmed           |     2 |       ||     2
       Dagger            |    14 |       ||    14
       Short sword       |     3 |       ||     3
       War axe           |       |    10 ||    10
 Fire: Sling             |       |     1 ||     1
Throw: Javelin           |       |     2 ||     2
 Cast: Magic Dart        |   109 |    55 ||   164
  Use: Scroll            |     1 |     4 ||     5
       Potion            |       |     1 ||     1
Armor: Robe              |     9 |       ||     9
       Leather armour    |       |    13 ||    13
Dodge: Dodged            |    32 |    24 ||    56
Block: Buckler           |       |     2 ||     2

Table legend: (Time is in decaauts)
 A = Elapsed time spent in this place.
 B = Non-inter-level travel time spent in this place.
 C = Inter-level travel time spent in this place.
 D = Time resting spent in this place.
 E = Time spent auto-exploring this place.
 F = Levels seen in this place.
 G = Mean time per level.
                   A        B        C        D        E       F      G
               +--------+--------+--------+--------+--------+-----+--------+
         Total |   5601 |   5601 |      0 |   2893 |      0 |   4 | 1400.2 |
       Dungeon |   5601 |   5601 |      0 |   2893 |      0 |   4 | 1400.2 |
               +--------+--------+--------+--------+--------+-----+--------+

Top non-repeatable levels by time:
     D:1: 2031 daAuts
     D:2: 1534 daAuts
     D:3: 1370 daAuts
     D:4: 666 daAuts
